 Dungeon Crawl Stone Soup version 0.16.1-51-g6203257 (webtiles) character file.

401 hannobal the Cudgeler (level 7, -1/50 HPs)
             Began as a Human Wanderer on July 22, 2015.
             Was an Initiate of Fedhas.
             Slain by an ogre
             ... wielding a +0 giant club
              (23 damage)
             ... on level 4 of the Dungeon.
             The game lasted 00:17:02 (5370 turns).

hannobal the Cudgeler (Human Wanderer)              Turns: 5370, Time: 00:17:02

Health: -1/50      AC:  6    Str: 13    XL:     7   Next: 11%
Magic:  9/9        EV:  9    Int: 13    God:    Fedhas [......]
Gold:   254        SH:  0    Dex: 13    Spells: 0 memorised, 8 levels left

rFire  + . .     SeeInvis .     a - +0 flail
rCold  . . .     Clarity  .     m - +0 scale mail
rNeg   . . .     SustAb   .     (no shield)
rPois  .         Gourm    .     (no helmet)
rElec  .         Spirit   .     (no cloak)
rCorr  .         Warding  .     (no gloves)
rMut   .         Stasis   .     (no boots)
MR     .....                    (no amulet)
Stlth  ..........               (no ring)
                                r - ring of protection from fire

@: about to teleport, not resistant to hostile enchantments, extremely
unstealthy
A: no striking features
a: Renounce Religion


You were on level 4 of the Dungeon.
You worshipped Fedhas.
Fedhas was noncommittal.
You were not hungry.

You visited 2 branches of the dungeon, and saw 6 of its levels.

You collected 254 gold pieces.

Inventory:

Hand weapons
 a - a +0 flail (weapon)
 b - a +0 hunting sling
 l - a +2 short sword of flaming
 u - a +1 antimagic hand axe
 v - a +2 antimagic spear
Missiles
 e - 92 stones (quivered)
 g - 33 arrows
 o - 15 bolts
 q - 9 bolts of frost
 w - 7 poisoned needles
 y - a throwing net
 z - 61 sling bullets
 B - 6 tomahawks
Armour
 m - a +0 scale mail (worn)
 p - a +0 ring mail
 C - a +0 plate armour
Jewellery
 r - a ring of protection from fire (left hand)
 s - an uncursed ring of ice
Magical devices
 t - a wand of slowing (16)
 F - a wand of enslavement (17)
 I - a wand of magic darts (12)
Scrolls
 c - 2 scrolls of magic mapping
 i - a scroll of identify
 n - a scroll of remove curse
 A - 2 scrolls of enchant weapon
Potions
 D - a potion of brilliance
 G - 2 potions of curing
 H - a potion of might
Books
 h - a book of Geomancy

   Spells                             Type                      Level
   a - Sandblast                      Earth                        1
   b - Stoneskin                      Transmutation/Earth          2
   c - Passwall                       Transmutation/Earth          3
   d - Stone Arrow                    Conjuration/Earth            3
   e - Petrify                        Transmutation/Earth          4
   f - Lee's Rapid Deconstruction     Earth                        5
Comestibles
 d - 5 meat rations
 f - 3 bread rations
 j - a beef jerky
 k - a fruit {!e}
 E - a slice of pizza


   Skills:
 - Level 2.0 Fighting
 + Level 6.7 Maces & Flails
 - Level 2.0 Armour
 - Level 1.0 Dodging
   Level 1.0 Shields
 - Level 1.0 Spellcasting
   Level 2.0 Earth Magic
 - Level 1.0 Evocations


You had 8 spell levels left.
You didn't know any spells.

Dungeon Overview and Level Annotations

Branches:
Dungeon (5/15)             Temple (1/1) D:4

Altars:
Cheibriados
Dithmenos
Fedhas
Kikubaaqudgha
Makhleb
Nemelex Xobeh
Okawaru
Qazlal
Ru
Sif Muna
Trog
Vehumet
Xom
Zin

Annotations:
D:3 book, need flight, exclusion: door


Message History

The ogre is lightly wounded.
The ogre hits you but does no damage.
You hit the ogre but do no damage.
The ogre is lightly wounded.
The ogre hits you with a giant club!!
Ouch! That really hurt!
You are too injured to fight recklessly!
You are too injured to fight recklessly!
You are too injured to fight recklessly!
You are too injured to fight recklessly!
The goblin hits you but does no damage.
There is a stone staircase leading up here.
The ogre barely misses you. The goblin hits you but does no damage.
You climb upwards.
There is a stone staircase leading down here.
Read which item? (? for menu, Esc to quit)
As you read the scroll of teleportation, it crumbles to dust.
You feel strangely unstable. The ogre hits you with a giant club!!
You die...
Fedhas appreciates your contribution to the ecosystem.

#............# ##...####
##...§.#.....## ##......##
#...>..###...# ##..#.....####
#....§.......####..##.......>.
#.................###......#..
#.#####.....##....###.....##.#
#...........###.#..##.....#..#
#######.....#O..##..#.......##
#.....#@#####........##
#.....#g# #...##...##
#.###...# ##.#.....##
##.###..## #..###..##
#..#.....###.## #...##
##.##.........# ##....####
#..####...##.## #.........
#.## ##.#.##..# #.##..###.
###.####..#..#..###.###.###.


You could see an ogre and a goblin.

Vanquished Creatures
  An eye of draining (D:3)
  2 scorpions
  A hound (D:4)
  An orc wizard (D:3)
  A gnoll (D:3)
  6 adders
  A giant mite (D:3)
  3 giant geckos
  2 oozes (D:1)
  5 orcs
  A giant cockroach (D:2)
  9 goblins
  13 hobgoblins
  2 jackals (D:3)
  4 quokkas
  2 ball pythons
  13 bats
  4 giant newts
  11 kobolds
  9 rats
91 creatures vanquished.

Notes
Turn   | Place    | Note
--------------------------------------------------------------
     0 | D:1      | hannobal, the Human Wanderer, began the quest for the Orb.
     0 | D:1      | hannobal set off with: a book of Geomancy, a +0 ring mail, a wand of random effects (15), a +0 dagger, a bread ration
     0 | D:1      | Reached XP level 1. HP: 16/16 MP: 2/2
     2 | D:1      | Learned a level 1 spell: Sandblast
   150 | D:1      | Reached skill level 1 in Dodging
   318 | D:1      | Reached XP level 2. HP: 20/22 MP: 0/3
   653 | D:1      | Reached XP level 3. HP: 9/27 MP: 4/4
  1337 | D:2      | Reached skill level 3 in Maces & Flails
  1398 | D:2      | Reached XP level 4. HP: 33/33 MP: 5/5
  2163 | D:3      | Reached skill level 4 in Maces & Flails
  2507 | D:3      | Noticed an eye of draining
  2508 | D:3      | Found a bloodstained altar of Trog.
  2535 | D:3      | Reached XP level 5. HP: 24/38 MP: 0/7
  2699 | D:3      | Killed an eye of draining
  2699 | D:3      | Reached skill level 5 in Maces & Flails
  2789 | D:3      | Found a snail-covered altar of Cheibriados.
  2813 | D:3      | Reached XP level 6. HP: 34/44 MP: 8/8
  3316 | D:3      | Found a deep blue altar of Sif Muna.
  3856 | D:3      | Found a blossoming altar of Fedhas.
  3872 | D:3      | Reached skill level 6 in Maces & Flails
  3890 | D:3      | Became a worshipper of Fedhas Madash
  4428 | D:4      | Found an iron altar of Okawaru.
  4449 | D:4      | Reached XP level 7. HP: 50/50 MP: 9/9
  4577 | D:4      | Found a staircase to the Ecumenical Temple.
  4600 | Temple   | Entered the Ecumenical Temple
  4917 | D:4      | Found a deep blue altar of Sif Muna.
  4917 | D:4      | Found an ancient bone altar of Kikubaaqudgha.
  5138 | D:4      | Found a burning altar of Makhleb.
  5138 | D:4      | Noticed a cacodemon
  5354 | D:5      | Entered Level 5 of the Dungeon
  5370 | D:4      | Slain by an ogre

Action                   |  1- 3 |  4- 6 |  7- 9 || total
-------------------------+-------+-------+-------++-------
Melee: Dagger            |     7 |       |       ||     7
       Club              |    10 |       |       ||    10
       Whip              |    72 |   239 |       ||   311
       Flail             |       |    31 |    67 ||    98
 Fire: Hunting sling     |       |     1 |       ||     1
Throw: Stone             |     6 |     2 |       ||     8
 Cast: Sandblast         |    26 |       |       ||    26
Evoke: Wand              |       |     2 |       ||     2
  Use: Scroll            |     6 |     3 |     4 ||    13
       Potion            |     1 |     3 |       ||     4
  Eat: Chunk             |     1 |     9 |     3 ||    13
       Royal jelly       |     1 |       |       ||     1
       Fruit             |     1 |       |       ||     1
